Cogmind - Beta 14 @@@ ROGUE MODE // 2025.03.30 @ 11:45:57 Player: Mercey Result: Destroyed by H-55 Commando with Gauss Rifle Performance ------------- Evolutions (3) 1500 Regions Visited (6) 1200 Robots Destroyed (99) 495 Value Destroyed (3029) 3029 Prototype IDs (28) 560 Alien Tech Used (0) 0 Bonus (409) 409 TOTAL SCORE: 7193 Bonus ------- High Alert Combat Kills 74 Follower Combat Kills 35 Aligned with FarCom 300 Cogmind --------- Core Integrity 0/700 Matter 234/300 Energy 263/265 System Corruption 31% Temperature Cool (0) Movement Rolling (215) Ox9 Location -7/Factory Parts ------- > --- POWER (1) -------- Reinforced Ion Engine > --- PROPULSION (3) --- Wheel > --- UTILITY (7) ------ Huge Storage Unit Transport Network Coupler Armor Integrity Analyzer Armor Integrity Analyzer ECM Suite Hacking Suite Hacking Suite > --- WEAPON (2) ------- Gauss Rifle Mini Assault Cannon > --- INVENTORY (25) --- Reinforced Ion Engine Heavy Ion Engine Improved Heat Sink Improved Heat Sink Improved Cooling System Weight Redist. System Improved Signal Interpreter Energy Filter Particle Charger Kinecellerator Microactuators Advanced ECM Suite Core Shielding Improved Medium Armor Plating Improved Medium Armor Plating Improved Medium Armor Plating Hardlight Generator Component Analysis Suite Arc Projector Particle Gun Precision Beam Rifle Advanced Beam Rifle Heavy Particle Cannon Proton Missile Launcher Katana Peak State ------------ > --- POWER ------------ Heavy Ion Engine > --- PROPULSION ------- Light Treads Light Treads Advanced Treads > --- UTILITY ---------- Huge Storage Unit Weight Redist. System Weight Redist. System Transport Network Coupler Modified TNC Improved Targeting Computer Armor Integrity Analyzer > --- WEAPON ----------- Firepult > --- INVENTORY -------- Heavy Ion Engine Heavy Ion Engine Nuclear Core Nuclear Core Nuclear Core Nuclear Core Light Treads Heat Sink High-capacity Storage Unit Huge Storage Unit Weight Redist. System Signal Interpreter Transport Network Coupler Armor Integrity Analyzer Particle Charger Hardlight Generator Hacking Suite Advanced Beam Rifle Ion Cannon Heavy Assault Rifle Light Cannon Advanced EMP Blaster [Rating: 51] Favorites ----------- Power Heavy Ion Engine Engine Heavy Ion Engine Power Core Nuclear Core Propulsion Wheel Treads Light Treads Leg Aluminum Leg Wheel Wheel Hover Unit Gravmag System Utility Armor Integrity Analyzer Device Weight Redist. System Storage Huge Storage Unit Processor Armor Integrity Analyzer Hackware Hacking Suite Protection Light Armor Plating Weapon Assault Rifle Energy Gun Advanced Beam Rifle Energy Cannon Firepult Ballistic Gun Assault Rifle Ballistic Cannon Mini Assault Cannon Launcher Proton Missile Launcher Slashing Weapon Longsword +1 Build | -11 -10 -10 -10 -9 -8 -7 ------- Run | Yrd Mat Min Exi Min Mat Fac Slots Evolved 6 | . . . . . 4 2 Power . | . . . . . . . Propulsion 1 | . . . . . 1 . Utility 5 | . . . . . 3 2 Weapon . | . . . . . . . Parts Attached 120 | 6 5 . 2 5 39 63 Power 15 | 1 1 . . . 8 5 Engine 11 | 1 1 . . . 6 3 Core 4 | . . . . . 2 2 Reactor . | . . . . . . . Propulsion 43 | 2 2 . . 2 10 27 Treads 14 | 2 . . . . 4 8 Leg 7 | . . . . . . 7 Wheel 21 | . 2 . . 2 6 11 Hover 1 | . . . . . . 1 Flight . | . . . . . . . Utility 36 | 1 2 . 1 1 14 17 Device 12 | . . . . . 5 7 Storage 6 | 1 1 . 1 1 . 2 Processor 7 | . . . . . 4 3 Hackware 3 | . . . . . . 3 Protection 8 | . 1 . . . 5 2 Artifact . | . . . . . . . Weapon 26 | 2 . . 1 2 7 14 Energy Gun 6 | . . . . . 3 3 Energy Cannon 3 | . . . 1 . 1 1 Ballistic Gun 7 | 2 . . . 1 2 2 Ballistic Cannon 3 | . . . . . . 3 Launcher 3 | . . . . . 1 2 Special Weapon . | . . . . . . . Impact Weapon . | . . . . . . . Slashing Weapon 4 | . . . . 1 . 3 Piercing Weapon . | . . . . . . . Special Melee Weapon . | . . . . . . . Unidentified Prototypes 5 | . . . . . 4 1 Corrupted Parts 5 | . . . . . . 5 System Corruption 23 | . . . . . . 23 Parts Lost 44 | . 1 . . 1 13 29 Power 4 | . . . . . 1 3 Propulsion 25 | . 1 . . 1 6 17 Utility 8 | . . . . . 4 4 Weapon 7 | . . . . . 2 5 Highest Loss Streak 9 | . 1 . . 1 9 7 To Critical Strikes 1 | . . . . . 1 . Average Slot Usage (%) 90 | . 88 100 93 97 93 88 Engine 8 | . 14 14 14 14 7 5 Treads 5 | . 12 . . . 7 5 Leg 3 | . . . . . . 6 Wheel 12 | . 14 28 28 27 18 3 Device 10 | . . . . . 13 14 Storage 9 | . 15 14 14 14 9 6 Processor 17 | . . . . . 15 26 Hackware 1 | . . . . . . 2 Protection 3 | . 2 14 14 14 4 . Energy Gun 2 | . . . . . 4 2 Energy Cannon 2 | . . . 6 1 2 2 Ballistic Gun 6 | . 28 28 15 12 1 . Slashing Weapon 3 | . . . . 12 6 2 Peak Build Rating 51 | 6 8 8 28 28 48 51 Average Rating 31 | 5 6 8 17 18 38 38 On Entrance 16 | . 6 8 8 28 18 48 Naked Turns . | . . . . . . . Heaviest Build 111 | 13 33 31 70 93 111 110 Greatest Support 68 | 40 40 20 20 20 68 68 Greatest Overweight (x) 33 | . 1 1 3 9 33 33 Average Overweight (x) 1 | . . 1 1 3 1 2 Largest Inventory Capacity 25 | 8 15 15 20 25 25 25 Average Capacity 22 | 7 13 15 16 23 25 24 Most Carried 25 | 4 15 15 18 18 25 25 Average Carried 20 | 2 7 15 15 16 22 22 Final Capacity 25 | 8 15 15 20 25 25 25 Final Carried 25 | 4 15 15 18 18 24 25 Class Distribution -------------------- 51% | Scavenger-Mutant 34% | Mutant 7% | Scavenger-Assassin 5% | Assassin Dominant Class ---------------- Mutant | -10/Materials Mutant | -10/Mines Mutant | -10/Exiles Mutant | -9/Mines Scavenger-Assassin | -8/Materials Scavenger-Mutant | -7/Factory Resources | -11 -10 -10 -10 -9 -8 -7 ----------- Run | Yrd Mat Min Exi Min Mat Fac Matter Collected 1804 | 146 316 . . 62 362 918 Remotely . | . . . . . . . Salvage Created 3853 | . 389 . . 370 1042 2052 Parts 200 | . 20 . . 15 56 109 Haulers Intercepted 9 | . 2 . . . 3 4 Recyclers Shooed 8 | . . . . 1 . 7 Parts Field Recycled . | . . . . . . . Retrieved Matter . | . . . . . . . Parts Self-Destructed . | . . . . . . . Prevented . | . . . . . . . Kills | -11 -10 -10 -10 -9 -8 -7 ------- Run | Yrd Mat Min Exi Min Mat Fac Combat Hostiles Destroyed 62 | . 9 . . 6 12 35 Melee 22 | . . . . 3 8 11 Guns 14 | . 9 . . . 1 4 Cannons 17 | . . . . . 1 16 AOE 6 | . . . . 2 . 4 Classes Destroyed 13 | . 4 . . 1 7 1 Worker 15 | . 1 . . 2 4 8 Builder 5 | . . . . . 2 3 Hauler 9 | . 2 . . . 3 4 Recycler 4 | . . . . 1 2 1 Operator 1 | . . . . . 1 . Watcher 3 | . . . . . 1 2 Swarmer 9 | . 4 . . . . 5 Grunt 32 | . 5 . . 6 2 19 Sentry 5 | . . . . . 3 2 Specialist 2 | . . . . . 2 . Hunter 6 | . . . . . 4 2 Programmer 7 | . . . . . . 7 Heavy 1 | . . . . . 1 . Best Kill Streak 9 | . 4 . . 5 3 9 Combat Bots Only 7 | . 3 . . 3 2 7 Max Kills in Single Turn 2 | . 1 . . 2 1 2 Gunslinging . | . . . . . . . Exploded 1 | . . . . 1 . 1 Melee 1 | . . . . 1 1 1 Uniques/NPCs Destroyed . | . . . . . . . Combat | -11 -10 -10 -10 -9 -8 -7 -------- Run | Yrd Mat Min Exi Min Mat Fac Hostile Shots Fired 572 | . 35 . . 11 89 437 Missed 166 | . 13 . . 4 20 129 Damage Taken 6437 | . 335 . . 93 1966 4043 Core 1087 | . 52 . . 22 303 710 Absorbed by Shields . | . . . . . . . Regen/Repaired (Parts) 730 | . . . . . . 730 Core Remaining (%) 71 | 100 . . . 70 44 . Volleys Fired 132 | . 44 . . 3 7 78 Largest 2 | . 2 . . 1 1 2 Hottest 250 | . 40 . . 250 250 250 Shots Fired 238 | . 88 . . 3 7 140 Gun 146 | . 88 . . . 3 55 Cannon 83 | . . . . 3 4 76 Launcher 9 | . . . . . . 9 Special . | . . . . . . . Kinetic 161 | . 88 . . . 1 72 Thermal 68 | . . . . 3 6 59 Explosive . | . . . . . . . Electromagnetic 9 | . . . . . . 9 Robot Hit Streak 15 | . 9 . . 4 4 15 Robot Miss Streak 3 | . 3 . . 2 3 3 Penetration Max . | . . . . . . . Secondary Targets . | . . . . . . . Shots Hit Robots 254 | . 53 . . 9 51 141 Core Hits 126 | . 22 . . 8 21 75 Critical Kills . | . . . . . . . Critical Parts Destroyed . | . . . . . . . Critical Strikes 17 | . . . . . 4 13 Burn 1 | . . . . . . 1 Blast 4 | . . . . . . 4 Sever 12 | . . . . . 4 8 Melee Attacks 114 | . . . . 7 47 60 Impact . | . . . . . . . Slashing 114 | . . . . 7 47 60 Piercing . | . . . . . . . Sneak Attacks 25 | . . . . 4 11 10 Combat Hostiles . | . . . . . . . Follow-up Attacks . | . . . . . . . Damage Inflicted 9064 | 4 591 . . 673 2714 5082 Guns 1211 | . 581 . . . 34 596 Cannons 1515 | . . . . 27 100 1388 Explosions 921 | . . . . 121 178 622 Melee 5329 | . . . . 525 2381 2423 Ramming 88 | 4 10 . . . 21 53 Kinetic 1639 | . 581 . . . . 1058 Thermal 1684 | . . . . 148 312 1224 Explosive 50 | . . . . . . 50 Electromagnetic 274 | . . . . . . 274 Impact . | . . . . . . . Slashing 5329 | . . . . 525 2381 2423 Piercing . | . . . . . . . Highest Corruption 31 | . . . . . 6 31 Average Corruption 7 | . . . . . 6 8 Corruption Purged . | . . . . . . . Corruption Blocked . | . . . . . . . Effects 69 | . . . . . 11 58 Message Errors 16 | . . . . . 2 14 Matter Fused 11 | . . . . . 1 10 Heat Flow Errors 6 | . . . . . 2 4 Energy Discharges 8 | . . . . . 1 7 Parts Rejected 1 | . . . . . . 1 Parts Fused 2 | . . . . . . 2 Data Loss (minor) 12 | . . . . . 3 9 Data Loss (major) 3 | . . . . . 1 2 Misfires 5 | . . . . . . 5 Alerts 2 | . . . . . 1 1 Misdirections 1 | . . . . . . 1 Weapon Failures 2 | . . . . . . 2 Overload Shots . | . . . . . . . Overflow Damage 913 | . . . . 126 418 369 Projectiles 29 | . . . . . . 29 Explosions . | . . . . . . . Melee 884 | . . . . 126 418 340 Knockbacks 7 | . . . . . . 7 Impact 1 | . . . . . . 1 Kinetic 6 | . . . . . . 6 Secondary . | . . . . . . . Self-Inflicted Damage 186 | . 5 . . 10 76 95 Shots 14 | . . . . 1 4 9 Rammed 7 | 1 3 . . . 1 2 Targets Rammed 11 | 1 3 . . . 2 5 Kicked 2 | . . . . . . 2 Crushed 2 | . . . . . 1 1 Highest Temperature 677 | . 49 . . 677 488 582 Average Temperature 197 | . 20 . . 331 188 197 Received Heat Transfer 1518 | . 111 . . 48 147 1212 Effects 20 | . . . . 10 2 8 Shutdowns 3 | . . . . 2 . 1 Energy Bleed 2 | . . . . 2 . . Interference 1 | . . . . 1 . . Matter Decay 1 | . . . . . . 1 Short Circuit 2 | . . . . . 1 1 Damage (minor) 2 | . . . . 1 1 . Damage (major) 9 | . . . . 4 . 5 Siege Activations . | . . . . . . . Robots Corrupted . | . . . . . . . Combat Hostiles . | . . . . . . . Parts Fried 2 | . . . . . . 2 Impact Corruptions . | . . . . . . . Robots Melted 4 | . . . . 1 2 1 Combat Hostiles 3 | . . . . 1 2 . Parts Melted 25 | . . . . 2 12 11 Heat Transferred 5261 | . . . . 800 1274 3187 Parts Sabotaged . | . . . . . . . Parts Stolen . | . . . . . . . Parts Stripped . | . . . . . . . Power Chain Reactions 2 | . . . . . . 2 Alert | -11 -10 -10 -10 -9 -8 -7 ------- Run | Yrd Mat Min Exi Min Mat Fac Peak Influence 515 | . 258 39 . 213 256 515 Initial 82 | . . 39 . . 82 60 Average 141 | . 87 39 . 166 137 156 Maximum Alert Level 2 | . 1 . . 1 1 2 Low Security (%) 72 | 100 81 100 . 62 83 65 Level 1 21 | . 18 . . 37 16 24 Level 2 5 | . . . . . . 10 Level 3 . | . . . . . . . Level 4 . | . . . . . . . Level 5 . | . . . . . . . High Security . | . . . . . . . Max Security . | . . . . . . . Squads Dispatched 18 | . 1 . . . 2 15 Investigation 5 | . 1 . . . . 4 Extermination 7 | . . . . . . 7 Reinforcement 4 | . . . . . 2 2 Assault . | . . . . . . . Garrison 2 | . . . . . . 2 Intercept . | . . . . . . . Searches Triggered . | . . . . . . . Construction Impeded 1 | . . . . . . 1 Haulers Reinforced . | . . . . . . . Active Scanning Responses . | . . . . . . . Cargo Convoy Interrupts . | . . . . . . . Stealth | -11 -10 -10 -10 -9 -8 -7 --------- Run | Yrd Mat Min Exi Min Mat Fac Distress Signals 3 | . . . . . 1 2 Communications Jammed . | . . . . . . . Distress Signals . | . . . . . . . Times Spotted 90 | . 15 . . 6 19 50 Peak Tracking Total 7 | . 5 . . 3 3 7 Tactical Retreats 12 | . 1 . . . 4 7 Traps | -11 -10 -10 -10 -9 -8 -7 ------- Run | Yrd Mat Min Exi Min Mat Fac Traps Triggered 1 | . 1 . . . . . Indirectly . | . . . . . . . Trap Hack Attempts . | . . . . . . . Triggered . | . . . . . . . Disarmed . | . . . . . . . Reprogrammed . | . . . . . . . Reused . | . . . . . . . Traps Extracted . | . . . . . . . Installed . | . . . . . . . Triggered . | . . . . . . . Machines | -11 -10 -10 -10 -9 -8 -7 ---------- Run | Yrd Mat Min Exi Min Mat Fac Machines Disabled 10 | . . . . 3 1 6 Max in Single Turn 3 | . . . . 3 1 2 Machines Repaired . | . . . . . . . Machines Dismantled . | . . . . . . . Machines Sabotaged . | . . . . . . . Overloaded Fab Kills . | . . . . . . . Hacking | -11 -10 -10 -10 -9 -8 -7 --------- Run | Yrd Mat Min Exi Min Mat Fac Machines Accessed 21 | . 5 . 2 . 3 11 Terminals 10 | . 4 . . . 2 4 Fabricators 2 | . . . . . . 2 Repair Stations 2 | . . . . . . 2 Recycling Units 2 | . 1 . . . . 1 Scanalyzers 2 | . . . . . 1 1 Garrison Access 1 | . . . . . . 1 Total Hacks 50 | . 15 . 4 . 8 23 Successful 28 | . 7 . 4 . 5 12 Failed 22 | . 8 . . . 3 11 Catastrophic 2 | . . . . . . 2 Database Lockouts . | . . . . . . . Manual 1 | . . . 1 . . . Terminals 19 | . 11 . . . 3 5 Fabricators 7 | . . . . . . 7 Repair Stations 5 | . . . . . . 5 Recycling Units 5 | . 4 . . . . 1 Scanalyzers 7 | . . . . . 5 2 Garrison Access 3 | . . . . . . 3 Terminal Hacks 13 | . 5 . 4 . 2 2 Record 3 | . . . 3 . . . Open DSF 1 | . . . . . . 1 Branch Access Points 1 | . 1 . . . . . Emergency Access Points 1 | . . . . . 1 . Alert Level 1 | . . . . . 1 . Locate Traps 1 | . 1 . . . . . Recall Investigation 1 | . . . . . . 1 Hauler Manifests 1 | . 1 . . . . . Zone Layout 2 | . 2 . . . . . Derelict Proto ID Bank 1 | . . . 1 . . . Fabricator Hacks 3 | . . . . . . 3 Load Schematic 2 | . . . . . . 2 Build 1 | . . . . . . 1 Repair Station Hacks 4 | . . . . . . 4 Scan Component 2 | . . . . . . 2 Repair 2 | . . . . . . 2 Recycling Unit Hacks 3 | . 2 . . . . 1 Report Inventory 2 | . 1 . . . . 1 Retrieve Components 1 | . 1 . . . . . Scanalyzer 5 | . . . . . 3 2 Insert Component 3 | . . . . . 2 1 Analyze 2 | . . . . . 1 1 Garrison Access Hacks . | . . . . . . . Unauthorized Hacks . | . . . . . . . Terminals . | . . . . . . . Fabricators . | . . . . . . . Repair Stations . | . . . . . . . Recycling Units . | . . . . . . . Scanalyzers . | . . . . . . . Garrison Access . | . . . . . . . Data Cores Recovered 1 | . . . . . 1 . Used . | . . . . . . . Hacking Detections 14 | . 5 . . . 1 8 Full Trace Events 5 | . 1 . . . . 4 Feedback Events . | . . . . . . . Feedback Blocked . | . . . . . . . Robot Schematics Acquired . | . . . . . . . Robots Built . | . . . . . . . Authchips . | . . . . . . . Time . | . . . . . . . Total Robot Build Rating . | . . . . . . . Part Schematics Acquired 2 | . . . . . 1 1 Parts Built 1 | . . . . . . 1 Authchips . | . . . . . . . Time 73 | . . . . . . 73 Total Part Build Rating 3 | . . . . . . 3 Parts Repaired 2 | . . . . . . 2 Time 45 | . . . . . . 45 Parts Recycled . | . . . . . . . Recycled Matter . | . . . . . . . Retrieved Matter . | . . . . . . . Retrieved Components 2 | . 2 . . . . . Parts Scanalyzed 2 | . . . . . 1 1 Part Schematics Acquired 2 | . . . . . 1 1 Parts Damaged . | . . . . . . . Bothacking | -11 -10 -10 -10 -9 -8 -7 ------------ Run | Yrd Mat Min Exi Min Mat Fac Used RIF Installer . | . . . . . . . Robots Hacked . | . . . . . . . Non-combat . | . . . . . . . Combat . | . . . . . . . Robot Hacks Applied . | . . . . . . . Relay Couplers Released . | . . . . . . . Fabnet Peak Effective % . | . . . . . . . Robots Rewired . | . . . . . . . Allies Hacked . | . . . . . . . Hacks Repelled . | . . . . . . . Allies | -11 -10 -10 -10 -9 -8 -7 -------- Run | Yrd Mat Min Exi Min Mat Fac Total Allies 3 | . . . . 3 . . Largest Group 3 | . . . . 3 3 . Highest-Rated Group 40 | . . . . 40 40 . Highest-Rated Ally 16 | . . . . 16 16 . Total Orders . | . . . . . . . Ally Attacks 24 | . . . . . 24 . Total Damage 204 | . . . . . 204 . Kills 1 | . . . . . 1 . Allies Corrupted . | . . . . . . . Allies Melted . | . . . . . . . Intel | -11 -10 -10 -10 -9 -8 -7 ------- Run | Yrd Mat Min Exi Min Mat Fac Robot Analysis Total . | . . . . . . . Derelict Logs Recovered 2 | . . . . 2 . . Drone Launches . | . . . . . . . Drone Recoveries . | . . . . . . . Exploration | -11 -10 -10 -10 -9 -8 -7 ------------- Run | Yrd Mat Min Exi Min Mat Fac Turns Passed 6739 | 63 578 111 916 194 1491 3386 Spaces Moved 3499 | 33 350 117 871 127 831 1170 Core 12 | 3 . . . . 1 8 Treads 733 | 30 127 . . . 172 404 Legs 320 | . . . . . . 320 Wheels 2434 | . 223 117 871 127 658 438 Hover . | . . . . . . . Flight . | . . . . . . . Fastest Speed 50 | 50 95 95 95 110 110 110 Average Speed 156 | 150 118 95 103 129 141 225 Slowest Speed 1700 | 160 240 95 125 215 1700 1700 Overloaded Moves . | . . . . . . . Propulsion Burnouts . | . . . . . . . Robots Hopped . | . . . . . . . Cave-ins Triggered 1 | . . . . . 1 . Exploration Rate (%) 45 | 4 70 33 92 44 40 36 Regions Visited 6 Branch Regions 3 Pre-discovered Areas 1 | . . . 1 . . . Known Exits Taken 2 | . 1 . . 1 . . Unknown Exits Taken 4 | 1 . 1 1 . 1 . Scrap Searched 1 | . . . . 1 . . Spaces Dug . | . . . . . . . Terrain Destroyed 51 | . . . . 15 25 11 Melee . | . . . . . . . Projectile 9 | . . . . . 2 7 AOE 42 | . . . . 15 23 4 Terrain Rammed . | . . . . . . . Walls Destroyed . | . . . . . . . Machines Disabled . | . . . . . . . Actions | -11 -10 -10 -10 -9 -8 -7 --------- Run | Yrd Mat Min Exi Min Mat Fac Total 4391 | 43 434 116 888 147 1099 1664 Wait 325 | . 9 . . 2 126 188 Move 3493 | 32 349 116 870 126 830 1170 Hop . | . . . . . . . Pick Up 121 | 4 16 . 8 1 25 67 Fast Attach 33 | 6 2 . 1 . 9 15 Attach 49 | . 2 . . 3 15 29 Detach 9 | . 2 . . 1 4 2 Swap 38 | . 1 . 1 2 15 19 Drop 66 | . 6 . 8 2 19 31 Fire 132 | . 44 . . 3 7 78 Melee 114 | . . . . 7 47 60 Ram 4 | . 2 . . . . 2 Kick 2 | . . . . . . 2 Crush 5 | 1 1 . . . 2 1 Escape Stasis . | . . . . . . . Rewire . | . . . . . . . Trap . | . . . . . . . Miscellaneous . | . . . . . . . Route ------- -11/Scrapyard -10/Materials (discovered 5 exits: [*Mat x3] / *Min x2) -10/Mines (discovered 2 exits: [*Mat] / *Exi) -10/Exiles -9/Mines -8/Materials -7/Factory History --------- Turn | Location | Event 18 | -11/Scrapyard | Discovered new exit (range 16) 64 | -11/Scrapyard | Entered Materials 203 | -10/Materials | Identified exit to Mines 227 | -10/Materials | Discovered new exit (range 4) 311 | -10/Materials | Build established: Mutant 567 | -10/Materials | Discovered new exit (range 12) 612 | -10/Materials | Discovered new exit (range 14) 642 | -10/Materials | Entered Mines 669 | -10/Mines | Deemed a non-threat by the Exiles lab entrance 669 | -10/Mines | Discovered new exit (range 5) 700 | -10/Mines | Discovered new exit (range 12) 753 | -10/Mines | Entered Exiles 777 | -10/Exiles | Met 8R-AWN 802 | -10/Exiles | Met EX-HEX 849 | -10/Exiles | Met EX-DEC 873 | -10/Exiles | Visited The Gauntlet 1018 | -10/Exiles | Met EX-BIN 1030 | -10/Exiles | Aligned with FarCom system 1031 | -10/Exiles | Given EX-Vault access code 1090 | -10/Exiles | Learned location of Zion (-6) 1132 | -10/Exiles | Discovered new exit (range 12) 1242 | -10/Exiles | Opened EX-Vault 1253 | -10/Exiles | Found Firepult 1284 | -10/Exiles | Found Modified TNC 1290 | -10/Exiles | Found Longsword +1 1314 | -10/Exiles | Warned to stay clear of 0b10 Research branches 1669 | -10/Exiles | Stole three prototypes: Firepult, Modified TNC, Longsword +1 1669 | -10/Exiles | Entered Mines 1708 | -9/Mines | Learned Materials terminal intel 1740 | -9/Mines | Identified exit to Materials 1857 | -9/Mines | Assisted by bots powering up and referring to "LRC-V3" 1863 | -9/Mines | Entered Materials 1863 | -8/Materials | Accompanied by 3 allies 1863 | -8/Materials | Evolved 4 slots: Propulsion x1, Utility x3 1864 | -8/Materials | Loaded intel: 12 terminal locations 2259 | -8/Materials | Build established: Assassin 2604 | -8/Materials | Discovered new exit (range 8) 2617 | -8/Materials | Build established: Scavenger-Assassin 2890 | -8/Materials | Crushed by falling debris 2909 | -8/Materials | Core integrity fell below 50% 2942 | -8/Materials | Lost 9 parts (1p4n3u1w) 3354 | -8/Materials | Entered Factory 3354 | -7/Factory | Evolved 2 slots: Utility x2 3356 | -7/Factory | FarCom data flow suspended 3477 | -7/Factory | Garrison activated, responded to threat 3562 | -7/Factory | Lost 4 parts (3n1w) 3654 | -7/Factory | Build established: Scavenger-Mutant 3866 | -7/Factory | Repaired Adv. Treads 4119 | -7/Factory | Repaired Huge Storage Unit 4661 | -7/Factory | Lost 3 parts (1p1n1u) 5473 | -7/Factory | Core integrity fell below 50% 5774 | -7/Factory | Lost 5 parts (1p2n1u1w) 5985 | -7/Factory | Fabricated Hacking Suite (x1) 6108 | -7/Factory | System corruption reached 10% 6221 | -7/Factory | Garrison activated, responded to threat 6350 | -7/Factory | Core integrity fell below 20% 6417 | -7/Factory | Lost 7 parts (1p5n1u) 6423 | -7/Factory | System corruption reached 30% 6436 | -7/Factory | Destroyed 7 combat bots 6740 | -7/Factory | Destroyed by H-55 Commando with Gauss Rifle Last Messages --------------- Acquired 46 matter. System corrupted: Matter fused (-6). System corrupted: Mni. Assault Cannon jammed. Slug penetrates Wall. Wheel destroyed. Slug penetrates P-60 Hacker. P-60 Hacker destroyed. Acquired 38 matter. C4GI3COA%SMPLEY44GMXI6 AVR8 Connecting with Terminal... ALERT: Suspicious activity at Terminal F008. Dispatching Investigation squad. System corrupted: Component data lost. Wheel destroyed. Slug penetrates Wall. System corrupted: FCS attempts to trigger Gauss Rifle. System corrupted: Gauss Rifle misfires. Slug penetrates Matter Pump. Penetrated by Slug. Map ----- +----------------------------------------------------+ | #?????# # """ """ # | | + + # | | ####### # """ # | | #?????# # " " """ # | | #?????# # "Y" """ # | | #?????####### # """ % # | | #???????????# # * # | | #???????????# #######+#####? | | #??????????? ?????#=#????? | | #############?????????# ##### #????? | | ??????????????????????+ =%!#????? | | ??????????????????????# #####[#????? | | ??????????????????????? ????# #????? | | ?????????????#??????#### ####?# #????? | | ?????????????# ???? # # ###### | | ?????????????# # # # # | | ?????????????# ?"" + + # # | | ?????????????# """ # ! # # # | | ?????????????# """ # ]# # # | | ??????????????# ^ ####?# + # | | ??????????????# t """ ##???# # " # | | ??????????????# !* """ #???# # T !# | | ?????????????## !* """ #???# # " # | | ?????????????#; * #???# # # | | ??????????????# ##### ###### | | ??????????????#%h @ #????? | | ??????????????# #################"#####? | | ?????????????????????????????# #? | | ?????????????????????????????# #? | | ?????????????????????????????# #? | | ?????????????????????????????# #? | | ?????????????????????????????# #? | | ?????????????????????????????# #? | | ?????????????????????????????# ! #? | | ?????????????????????????????# #? | | ?????????????????????????????# ! #? | | ?????????????????????????????##########? | | ???????????????????????????????????????? | | ???????????????????????????????????????? | | ???????????????????????????????????????? | | ???????????????????????????????????????? | | ???????????????????????????????????????? | | ???????????????????????????????????????? | | ????????????????????????????????H??????? | | ???????????????????????????????????????? | | ???????????????????????????????????????? | | ???????????????????????????????????????? | | ???????????????????????????????????????? | | ???????????????????????????????????????? | | ???????????????????????????????????????? | +----------------------------------------------------+ Best States ------------- Heat Dissipation 61 Energy Generation 16 Energy Capacity 290 Matter Stores 300 Matter Capacity 300 Sight Range 16 Terrain Scan Range 16 Terrain Scan Density 85 ECM Strength 1 Additional Mass Support 6 Armor Coverage 300 Evasion (%) 41 Targeting Accuracy 6 Armor Integrity Analysis 30 Recoil Reduction 3 Offensive Hacking 20 Item Schematics ----------------- Hacking Suite | -8/Materials | Scanalyzed Greatsword | -7/Factory | Scanalyzed Robot Schematics ------------------ None Fabricated ------------ Hacking Suite | x1 | -7/Factory Alien Tech Used ----------------- None Achievements -------------- None Challenges ------------ None Game ------ Seed CentriumGaussCoupler Manual? 0 Play Time 01:10:01 Cumulative 28.7 hours Start 2025.03.29 @ 20:37:09 End 2025.03.30 @ 11:45:57 Sessions 2 Manual Loads 0 Difficulty Rogue Special Mode None Game No. 42 Rogue 42 Adventurer 0 Explorer 0 Win Type - Total 0 Types 0/0/0/0/0/0/0/0/0 Lore% 7 Gallery% 27 Achievement% 22 Wizard Run 0 Options --------- Layout 1 ASCII 0 Keyboard 0 Movement Numpad Keybinds 0 Fullscreen 1 Font 48/Smallcaps Map View 50x35 Zoom Use 0% Tactical HUD 0 Map Filters NONE Filters NONE Steam 1 RUN: 5d54a239-a567-4567-bf8f-7c4fe1962726